 Dungeon Crawl Stone Soup version 0.31-a0-1074-g0b22e4e0f1 (webtiles) character file.

Game seed: 3187112100850631174

129 kae the Sneak (level 4, -1/32 HPs)
             Began as a Demonspawn Enchanter on Nov 26, 2023.
             Slain by a jelly (3 damage)
             ... on level 4 of the Dungeon.
             The game lasted 00:02:19 (2233 turns).

kae the Sneak (Demonspawn Enchanter)                Turns: 2233, Time: 00:02:20

Health: -1/32      AC: -1    Str: 14    XL:     4   Next: 88%
Magic:  5/7        EV: 12    Int: 19    God:
Gold:   230        SH:  4    Dex: 15    Spells: 0/8 levels left

rFire   . . .        a - +1 dagger
rCold   . . .        (no shield)
rNeg    . . .        b - +0 robe
rPois   .            (no helmet)
rElec   .            (no cloak)
rCorr   .            (no gloves)
SInv    .            h - +0 pair of boots
Will    .....        (no amulet)
Stlth   +++          S - +6 ring of strength
HPRegen 0.25/turn    (no ring)
MPRegen 0.10/turn

%: no passive effects
@: corroded, attractive
A: thin skeletal structure 1, condensation shield
a: no special abilities


You were on level 4 of the Dungeon.
You visited 1 branch of the dungeon, and saw 4 of its levels.

You collected 230 gold pieces.


Innate Abilities, Weirdness & Mutations

You have a somewhat thin skeletal structure. (Dex +2, Stealth+)
A meltable shield of frost defends you. (SH +4)


   Skills:
 + Level 1.4 Fighting
 * Level 2.1 Short Blades
 - Level 1.7 Dodging
 * Level 3.5 Stealth
 + Level 2.6 Spellcasting
 + Level 3.3 Hexes
 + Level 1.0 Ice Magic


You couldn't memorise any spells.
You knew the following spells:

 Your Spells              Type           Power      Damage    Failure   Level
a - Ensorcelled Hibernat  Hex/Ice        20%        N/A       10%         2
b - Confusing Touch       Hex            15%        N/A       12%         3
c - Tukima's Dance        Hex            15%        N/A       12%         3

Your spell library contained the following spells:

 Spells                   Type           Power      Damage    Failure   Level
 Apportation              Tloc           4%         N/A       16%         1
 Necrotise                Necr           8%         1d4       16%         1
 Summon Small Mammal      Summ           8%         N/A       16%         1
 Dazzling Flash           Conj/Hex       16%        N/A       24%         3
 Inner Flame              Hex/Fire       8%         N/A       24%         3
 Frozen Ramparts          Ice            12%        1d2       32%         3
 Petrify                  Tmut/Erth      2%         N/A       85%         4
 Metabolic Englaciation   Hex/Ice        5%         N/A       87%         5
 Yara's Violent Unravell  Hex/Tmut       4%         3d4       91%         5
 Enfeeble                 Hex            7%         N/A       100%        7

Inventory:

Hand Weapons
 a - a +1 dagger (weapon)
Missiles
 g - 60 stones
 m - 6 boomerangs
 n - 3 javelins
 p - a throwing net {=f!f}
 q - 11 poisoned darts
Armour
 b - a +0 robe (worn)
 h - a +0 pair of boots (worn)
   (You found it on level 1 of the Dungeon)
Jewellery
 S - a +6 ring of strength (left hand)
   (You found it on level 3 of the Dungeon)
Scrolls
 d - a scroll of immolation {!r!r}
 e - a scroll of amnesia
 f - a scroll of revelation
Potions
 c - 3 potions of invisibility
 i - a potion of brilliance
 k - a potion of might {unknown}

Dungeon Overview and Level Annotations

Branches:
Dungeon (4/15) Zot: 21758
 Temple: D:4-7

Altars:
Xom

#........###.#
..
.##.........#
.. #.#####...#
.##
#.....#...# ..
##.##.# #.# #.
#...#.# .#
#$##+###.# #
#......#.#
#J@...<'.#
#......###
#..##+## #...
..#.. ##.#...
..#.## .###.#


You could see a jelly.


Message History

This spell is quite dangerous to cast!
You start memorising the spell.
You continue memorising. x3
You finish memorising.
Spell assigned to 'c'.
Okay, then.
You hear a distant slurping noise.
A quokka comes into view.
Unknown command.
A quokka is nearby!
A quokka is nearby!
A quokka is nearby!
A quokka is nearby!
A quokka is nearby!
The quokka barely misses you.
You barely miss the quokka. The quokka bites you. 😕 HP[-3]
You take 3 damage, and now have 29/32 hp.
A quokka is nearby!
You hit the quokka but do no damage. The quokka closely misses you.
You closely miss the quokka. The quokka barely misses you. 😕 HP[+1]
A quokka is nearby!
You barely miss the quokka.
The quokka bites you but does no damage.
You hear a distant slurping noise.
You hit the quokka but do no damage.
The quokka twitches its whiskers.
The quokka bites you.
A quokka is nearby! 😕 HP[-1]
You take 1 damage, and now have 29/32 hp.
A quokka is nearby!
You closely miss the quokka. The quokka barely misses you.
You barely miss the quokka. The quokka barely misses you. 😕 HP[+1]
A quokka is nearby!
You miss the quokka. The quokka bites you.
You hit the quokka. The quokka bites you. 😕 HP[-5]
You take 5 damage, and now have 25/32 hp.
A quokka is nearby!
You hit the quokka.
You kill the quokka!
No target in view!
You hear a distant slurping noise.
g - 48 stones (gained 6)
You hear a distant slurping noise.
g - 55 stones (gained 7)
You hear a distant slurping noise.
g - 60 stones (gained 5)
You hear a distant slurping noise.
You open the door.
A jelly comes into view.
Found 7 gold pieces.
Found a stone staircase leading up. 😎 HP[+7]
Your hp is fully restored (32).
There is an open door here.
There is a stone staircase leading up here.
A jelly is nearby!
A jelly is nearby!
A jelly is nearby!
The jelly quivers.
The jelly hits you.
You are splashed with acid! 😮 HP[-9]
You take 9 damage, and now have 23/32 hp.
MASSIVE DAMAGE!! (PAUSE)
Casting: Ensorcelled Hibernation (safe; 10% risk of failure)
Confirm with . or Enter, or press ? or * to list all spells.
Aiming: Ensorcelled Hibernation (safe; 10% risk of failure)
Press: ? - help, Shift-Dir - straight line, f - jelly
Aim: a jelly (chance to affect: 52%)
The jelly looks drowsy... 😮 MP[-2]
You lost 2 mp, and now have 5/7 mp.
Unknown command.
Casting: Ensorcelled Hibernation (safe; 10% risk of failure)
Confirm with . or Enter, or press ? or * to list all spells.
You can't see any susceptible monsters within range! (Use Z to cast anyway.) Unknown command.
The helpless jelly fails to defend itself.
You puncture the jelly! The acid corrodes you!
Your hands burn!
The jelly hits you.
You are splashed with acid!
* * * LOW HITPOINT WARNING * * *
😨 HP[-11]
You take 11 damage, and now have 12/32 hp.
MASSIVE DAMAGE!! (PAUSE)
You hit the jelly but do no damage.
Your hands burn!
* * * LOW HITPOINT WARNING * * *
The jelly hits you.
* * * LOW HITPOINT WARNING * * *
You are splashed with acid.
* * * LOW HITPOINT WARNING * * *
😱 HP[-10]
You take 10 damage, and now have 2/32 hp.
MASSIVE DAMAGE!! (PAUSE) Unknown command.
Okay, then.
It was a potion of attraction.
You feel attractive to monsters. The jelly hits you.
You die...

Skill      XL: |  1  2  3  4 |
---------------+-------------+-----
Short Blades   | 1 2 |  2.1
Stealth        | 3 |  3.5
Fighting       | 1 |  1.4
Ice Magic      | 1 |  1.0
Dodging        | |  1.7
Spellcasting   | |  2.6
Hexes          | |  3.3

Action                     |  1- 3 |  4- 6 || total
---------------------------+-------+-------++-------
  Melee: Dagger            |   105 |   125 ||   230
         Punch             |     2 |       ||     2
   Cast: Ensorcelled Hiber |     2 |    17 ||    19
    Use: Scroll            |     4 |     2 ||     6
         Potion            |       |     5 ||     5
   Stab: Sleeping          |    11 |    13 ||    24
 Armour: Robe              |    48 |    79 ||   127
  Dodge: Dodged            |    58 |    97 ||   155
  Block: Other             |       |    26 ||    26

Levels and vault maps discovered:
D:1:      amcnicky_arrival_choice, layout_rooms, minmay_small_reverse_x
D:2:      minmay_chambers_of_ones, layout_rooms,
          ebering_ecumenical_altar_abandoned, basic_altar, minmay_pentomino_t4
D:3:      layout_rooms, serial_bayou, serial_bayou_ford_a, serial_bayou_pond_a,
          serial_bayou_pond_b, serial_bayou_pond_c, serial_bayou_shore_b
D:4:      nicolae_cairo_tiling_very_big, layout_basic,
          mainiacjoe_overflow_alcove_2, minmay_temple_entry_large_hall

Notes
Turn   | Place    | Note
-------+----------+-------------------------------------------
     0 | D:1      | kae the Demonspawn Enchanter began the quest for the Orb.
     0 | D:1      | Reached XP level 1. HP: 13/13 MP: 3/3
     0 | D:1      | magus.rc [v1.11.3]
    83 | D:1      | Reached skill level 1 in Short Blades
   168 | D:1      | Gained mutation: You have a somewhat thin skeletal
                  | structure. (Dex +2, Stealth+) [demonic ancestry]
   168 | D:1      | Reached XP level 2. HP: 10/20 MP: 5/5
   195 | D:1      | Reached skill level 3 in Stealth
   562 | D:2      | Learned a level 2 spell: Ensorcelled Hibernation
   818 | D:2      | Reached XP level 3. HP: 25/25 MP: 6/6
   826 | D:2      | Reached skill level 1 in Fighting
   829 | D:2      | Found a faded altar of an unknown god.
   835 | D:2      | Found a shimmering altar of Xom.
  1085 | D:2      | Gained mutation: A meltable shield of frost defends you.
                  | (SH +4) [demonic ancestry]
  1085 | D:2      | Reached XP level 4. HP: 32/32 MP: 7/7
  1202 | D:2      | Learned a level 3 spell: Confusing Touch
  1444 | D:3      | You pick up a book of Cantrips and begin reading...
  1444 | D:3      | You add the spells Necrotise, Summon Small Mammal and
                  | Apportation to your library.
  1450 | D:3      | You pick up a book of Sloth and begin reading...
  1450 | D:3      | You add the spells Frozen Ramparts, Petrify and Metabolic
                  | Englaciation to your library.
  1569 | D:3      | You pick up a book of Misfortune and begin reading...
  1569 | D:3      | You add the spells Inner Flame, Yara's Violent Unravelling
                  | and Enfeeble to your library.
  1662 | D:3      | Reached skill level 2 in Short Blades
  1912 | D:3      | HP: 7/32 [quokka (4)]
  1933 | D:3      | HP: 8/32 [quokka (4)]
  1938 | D:3      | HP: 4/32 [adder (3)]
  1939 | D:3      | HP: 1/32 [adder (4)]
  1944 | D:3      | HP: 3/32 [poisoned by an adder]
  1945 | D:3      | HP: 1/32 [poisoned by an adder]
  2023 | D:3      | Reached skill level 1 in Ice Magic
  2144 | D:4      | Learned a level 3 spell: Tukima's Dance
  2232 | D:4      | HP: 8/32 [jelly (1)]
  2232 | D:4      | HP: 2/32 [acid (6)]
  2233 | D:4      | Slain by a jelly

Vanquished Creatures
  6 adders
  A worm (D:3)
  4 dart slugs
  An orc (D:3)
  5 ball pythons
  4 bats
  6 endoplasms
  2 giant cockroaches (D:1)
  2 goblins
  6 hobgoblins
  4 jackals (D:2)
  5 quokkas
  4 frilled lizards
  8 kobolds
  7 rats
65 creatures vanquished.

Table legend:
 A = Non-vault XP
 B = Vault XP
 C = Vault XP percentage of total XP
 D = Non-vault monster count
 E = Vault monster count
 F = Vault count percentage of total count
                 A         B        C        D         E       F
            +---------+---------+-------+---------+---------+-------
      Total |     122 |      63 |  34.1 |      48 |      17 |  26.2
            +---------+---------+-------+---------+---------+-------
        D:1 |      23 |       6 |  20.7 |      13 |       4 |  23.5
        D:2 |      33 |      37 |  52.9 |      14 |       9 |  39.1
        D:3 |      64 |      20 |  23.8 |      20 |       4 |  16.7
        D:4 |       2 |       0 |   0.0 |       1 |       0 |   0.0
            +---------+---------+-------+---------+---------+-------

Skill      XL: |  1  2  3  4 |
---------------+-------------+-----
Short Blades   | 1 2 |  2.1
Stealth        | 3 |  3.5
Fighting       | 1 |  1.4
Ice Magic      | 1 |  1.0
Dodging        | |  1.7
Spellcasting   | |  2.6
Hexes          | |  3.3

Action                     |  1- 3 |  4- 6 || total
---------------------------+-------+-------++-------
  Melee: Dagger            |   105 |   125 ||   230
         Punch             |     2 |       ||     2
   Cast: Ensorcelled Hiber |     2 |    17 ||    19
    Use: Scroll            |     4 |     2 ||     6
         Potion            |       |     5 ||     5
   Stab: Sleeping          |    11 |    13 ||    24
 Armour: Robe              |    48 |    79 ||   127
  Dodge: Dodged            |    58 |    97 ||   155
  Block: Other             |       |    26 ||    26

Illustrated notes

Table legend:
 A = Kills in this place as a percentage of kills in the entire game.
 B = Kills by you in this place as a percentage of kills by you in the entire game.
 C = Kills by friends in this place as a percentage of kills by friends in the entire game.
 D = Other kills in this place as a percentage of other kills in the entire game.
 E = Experience gained in this place as a percentage of experience gained in the entire game.
 F = Experience gained in this place divided by the number of levels of this place that you have seen.
                   A       B       C       D       E      F
               +-------+-------+-------+-------+-------+----------------------
         Total | 100.0 | 100.0 |   N/A |   N/A | 100.0 |  46.2
       Dungeon | 100.0 | 100.0 |   N/A |   N/A | 100.0 |  46.2
               +-------+-------+-------+-------+-------+----------------------

Table legend: (Time is in decaauts)
 A = Elapsed time spent in this place.
 B = Non-inter-level travel time spent in this place.
 C = Inter-level travel time spent in this place.
 D = Time resting spent in this place.
 E = Time spent auto-exploring this place.
 F = Levels seen in this place.
 G = Mean time per level.
                   A        B        C        D        E       F      G
               +--------+--------+--------+--------+--------+-----+--------+
         Total |   2241 |   2173 |     68 |    121 |   1474 |   4 |  560.2 |
       Dungeon |   2241 |   2173 |     68 |    121 |   1474 |   4 |  560.2 |
               +--------+--------+--------+--------+--------+-----+--------+

Top non-repeatable levels by time:
     D:3: 824 daAuts
     D:2: 774 daAuts
     D:1: 547 daAuts
     D:4: 95 daAuts
